 Dungeon Crawl Stone Soup version 0.30-a0-4-ga7cffc901d (webtiles) character file.

Game seed: 12300966593268768880

4 greasedhog the Charlatan (level 1, 0/12 HPs)
             Began as a Gargoyle Artificer on Aug 20, 2022.
             Constricted to death by a ball python (1 damage)
             ... on level 1 of the Dungeon.
             The game lasted 00:00:46 (344 turns).

greasedhog the Charlatan (Gargoyle Artificer)        Turns: 344, Time: 00:00:48

Health: 0/12       AC:  5    Str: 15    XL:     1   Next: 60%
Magic:  1/1        EV:  8    Int: 11    God:
Gold:   0          SH:  0    Dex: 10    Spells: 0/0 levels left

rFire   . . .      SeeInvis .    a - +0 club
rCold   . . .      Faith    .    (no shield)
rNeg    + . .      Spirit   .    b - +0 leather armour
rPois   ∞          Reflect  .    (no helmet)
rElec   +          Harm     .    (no cloak)
rCorr   .          Rampage  .    (no gloves)
Will    .....                    (no boots)
Stlth   +.........               (no amulet)
HPRegen 0.04/turn                (no ring)
MPRegen 0.07/turn                (no ring)

@: constricted
A: sickness immunity, AC +2, negative energy resistance 1, electricity
resistance, torment resistance 1, petrification resistance
a: no special abilities


You were on level 1 of the Dungeon.
You visited 1 branch of the dungeon, and saw 1 of its levels.

Inventory:

Hand Weapons
 a - a +0 club (weapon)
Armour
 b - a +0 leather armour (worn)
Wands
 c - a wand of flame (15) (quivered)
 d - a wand of charming (12)
 e - a wand of iceblast (5)


   Skills:
 * Level 1.4 Fighting
 * Level 0.6 Maces & Flails
 - Level 2.1 Armour
 - Level 0.7 Dodging
 - Level 1.1 Stealth
 - Level 2.6 Evocations


You couldn't memorise any spells.
You didn't know any spells.
Your spell library was empty.

Dungeon Overview and Level Annotations

Branches:
Dungeon (1/15)

Altars:


Innate Abilities, Weirdness & Mutations

You are immune to sickness and miasma.
Your stone body is resilient. (AC +2)
You are immune to poison.
You resist negative energy. (rN+)
You are resistant to electric shocks. (rElec)
You are resistant to unholy torment.
You are immune to petrification.


Message History

Aiming: Charm
Press: ? - help, Shift-Dir - straight line, f/p - ball python
Aim: a ball python (moderately wounded, constricting you, chance to affect: 72%)
The ball python is charmed.
Your ball python releases its grip on you.
The giant cockroach barely misses your ball python.
What are your orders? t - Shout!
Orders for allies: a - Attack new target. p - Attack previous target. r - Retreat! s - Stop attacking. g - Guard the area. f - Follow me.
Anything else - Cancel.
Gang up on whom?
Press: ? - help, Dir - move target, f - giant cockroach, p - ball python
Aim: a giant cockroach Attack!
The giant cockroach bites your ball python.
Your ball python bites the giant cockroach.
Your ball python grabs the giant cockroach.
Your ball python constricts the giant cockroach.
The giant cockroach misses your ball python.
Your ball python bites the giant cockroach.
The giant cockroach dies!
You start resting.
The ball python is no longer charmed.
The ball python bites you but does no damage.
The ball python grabs you. The ball python constricts you.
The ball python bites you.
* * * LOW HITPOINT WARNING * * *
The ball python constricts you.
You barely miss the ball python.
The ball python is heavily wounded.
The ball python barely misses you. The ball python constricts you.
You hit the ball python but do no damage.
The ball python is heavily wounded.
The ball python bites you.
* * * LOW HITPOINT WARNING * * *
The ball python constricts you. The ball python misses you.
The ball python constricts you.
You die...

#............).##
#...............#
#...............##
#...........>.......
#...............(....
#......B.............
##########.†######..........
##.......###S# #.....#####
##.........##@# #.....#
##.....8.....#.# #.....#
....8..8..8....# ######
#...........###
##....<....## ##.......##
#########


You could see a ball python.

Vanquished Creatures
  A ball python (D:1)
  A giant cockroach (D:1)
2 creatures vanquished.

Vanquished Creatures (collateral kills)
  A giant cockroach (D:1)
1 creature vanquished.

Vanquished Creatures (others)
  A kobold (D:1)
1 creature vanquished.

Grand Total: 4 creatures vanquished

Notes
Turn   | Place    | Note
-------+----------+-------------------------------------------
     0 | D:1      | greasedhog the Gargoyle Artificer began the quest for the
                  | Orb.
     0 | D:1      | Reached XP level 1. HP: 12/12 MP: 1/1
   344 | D:1      | Constricted to death by a ball python

Illustrated notes

Levels and vault maps discovered:
D:1:      dreamdust_arrival_beginning_and_end, layout_basic,
          chequers_ecumenical_altar_island, roderic_roman_lattice

Action                   || total
-------------------------++-------
Melee: Club              ||    23
Evoke: Wand              ||     3
Armor: Leather armour    ||    15
Dodge: Dodged            ||    28

Table legend: (Time is in decaauts)
 A = Elapsed time spent in this place.
 B = Non-inter-level travel time spent in this place.
 C = Inter-level travel time spent in this place.
 D = Time resting spent in this place.
 E = Time spent auto-exploring this place.
 F = Levels seen in this place.
 G = Mean time per level.
                   A        B        C        D        E       F      G
               +--------+--------+--------+--------+--------+-----+--------+
         Total |    350 |    350 |      0 |    271 |     17 |   1 |  350.0 |
       Dungeon |    350 |    350 |      0 |    271 |     17 |   1 |  350.0 |
               +--------+--------+--------+--------+--------+-----+--------+

Top non-repeatable levels by time:
     D:1: 350 daAuts
